 Dungeon Crawl Stone Soup version 0.27-a0-1502-g47ed6a6988 (webtiles) character file.

Game seed: 15480742204968515902

1392 wakim the Frost Mage (level 8, 0/37 (41) HPs)
             Began as a Deep Elf Ice Elementalist on July 8, 2021.
             Was an Initiate of Vehumet.
             Slain by a wight (2 damage)
             ... on level 6 of the Dungeon.
             The game lasted 00:14:04 (5737 turns).

wakim the Frost Mage (Deep Elf Ice Elementalist)    Turns: 5737, Time: 00:14:05

HP:   0/37 (41)     AC:  6    Str:  5    XL:     8   Next: 41%
MP:   13/16         EV: 31    Int: 23    God:    Vehumet [......]
Gold: 216           SH:  0    Dex: 15    Spells: 8/15 levels left

rFire    . . .     SeeInvis .   a - +4 flail (holy)
rCold    . . .     Faith    .   (no shield)
rNeg     . . .     Spirit   .   g - +1 robe
rPois    .         Reflect  .   (no helmet)
rElec    .         Harm     .   (no cloak)
rCorr    .         Rampage  .   (no gloves)
Will     .....                  i - +2 pair of boots
Stlth    +++.......             k - amulet of the acrobat
HPRegen  0.12/turn              (no ring)
MPRegen  0.15/turn              (no ring)

@: acrobatic, drained
A: no striking features
a: Renounce Religion


You were on level 6 of the Dungeon.
You worshipped Vehumet.
Vehumet was noncommittal.
You visited 1 branch of the dungeon, and saw 6 of its levels.

You collected 216 gold pieces.

Inventory:

Hand Weapons
 a - a +4 flail of holy wrath (weapon)
 b - a +4 whip of flaming
Armour
 g - a +1 robe (worn)
 i - a +2 pair of boots (worn)
Jewellery
 k - an amulet of the acrobat (around neck)
Wands
 x - a wand of charming (8)
Scrolls
 e - 4 scrolls of enchant armour
Potions
 c - a potion of ambrosia {unknown}
 f - a potion of invisibility {unknown}
 h - a potion of haste {unknown}
 l - a potion of flight {unknown}
 E - 3 potions of cancellation
 F - 4 potions of curing
 J - 2 potions of heal wounds
 K - 3 potions of magic


   Skills:
 + Level 8.0 Dodging
 - Level 4.0 Stealth
 - Level 4.0 Spellcasting
 + Level 9.4 Ice Magic


You had 8 spell levels left.
You knew the following spells:

 Your Spells              Type           Power      Damage    Failure   Level
a - Freeze                Ice            100%       1d11      1%          1
b - Frozen Ramparts       Ice            94%        1d11      1%          3
c - Ozocubu's Armour      Ice            47%        N/A       1%          3

Your spell library contained the following spells:

 Spells                   Type           Power      Damage    Failure   Level
 Hailstorm                Conj/Ice       26%        3d7       16%         4
 Summon Guardian Golem    Hex/Summ       4%         N/A       30%         3
 Orb of Destruction       Conj           2%         9d1       100%        7
 Spellforged Servitor     Conj/Summ      2%         N/A       100%        7


Dungeon Overview and Level Annotations

Branches:
Dungeon (6/15)             Temple (0/1) D:6

Altars:
Fedhas
Kikubaaqudgha
Ru
Vehumet
Wu Jian
Xom

Annotations:
D:2 Sigmund


Message History

The wight is lightly damaged.
The frozen ramparts melt away.
The wight hits you with a +5 long sword of freezing!
The wight freezes you. The wight closely misses you.
Casting: Frozen Ramparts (safe; 1% risk of failure)
Confirm with . or Enter, or press ? or * to list all spells.
The walls around you are covered in ice.
The wight completely resists.
The wall freezes the wight but does no damage.
The wight hits you with a +5 long sword of freezing!
The wight freezes you.
* * * LOW HITPOINT WARNING * * *
You closely miss the wight.
The wight is lightly damaged.
The wight resists.
The wall freezes the wight.
The wight completely misses you.
The wight resists.
The wall freezes the wight.
The wight barely misses you.
You hit the wight.
The wight convulses.
The wight is moderately damaged.
The wight completely resists.
The wall freezes the wight but does no damage.
The wight misses you.
The wight completely resists.
The wall freezes the wight but does no damage.
The wight closely misses you.
The wight completely resists.
The wall freezes the wight but does no damage.
The wight completely resists.
The wall freezes the wight but does no damage.
The wight hits you from afar with a +3 halberd!
* * * LOW HITPOINT WARNING * * *
You feel drained.
* * * LOW HITPOINT WARNING * * *
Your frozen ramparts will break if you move.
Continue?
Okay, then.
Your frozen ramparts will break if you move.
Continue?
The frozen ramparts melt away as you move.
The wight completely misses you.
Found a staircase to the Ecumenical Temple.
The wight hits you with a +5 long sword of freezing!
* * * LOW HITPOINT WARNING * * *
You feel drained. The wight freezes you.
You die...

#.... #.....# #....
#....##
#.....#....###
......#......#
......)......#
......#......#
......###.zz######..
.....$....#z........
... ........@.......
.. ......#.#........
# ###..............
<...#.#.#.....?.
..#.......#.....
.#.>. ...#$## #. ...
.#...# #.#? .. ..#


You could see 3 wights.

Vanquished Creatures
  Eustachio (D:4)
  Edmund (D:4)
  A sky beast (D:5)
  2 necrophages (D:5)
  3 ogres
  2 scorpions
  A water moccasin zombie (D:5)
  A wight (D:6)
  A howler monkey (D:5)
  A bullfrog zombie (D:5)
  3 hounds
  2 centaur skeletons
  An iguana (D:5)
  An orc wizard (D:3)
  A hound skeleton (D:4)
  4 adders
  2 ufetubi
  An adder skeleton (D:4)
  A dart slug (D:1)
  6 orcs
  9 ball pythons
  5 bats
  6 endoplasms
  2 giant cockroaches
  2 goblins
  4 hobgoblins
  4 jackals (D:1)
  10 kobolds
  6 quokkas
  8 frilled lizards
  5 rats
97 creatures vanquished.

Vanquished Creatures (others)
  2 withered plants (D:3)
2 creatures vanquished.

Grand Total: 99 creatures vanquished

Notes
Turn   | Place    | Note
-------+----------+-------------------------------------------
     0 | D:1      | wakim the Deep Elf Ice Elementalist began the quest for the
                  | Orb.
     0 | D:1      | Reached XP level 1. HP: 10/10 MP: 6/6
   290 | D:1      | Reached XP level 2. HP: 13/15 MP: 5/8
   979 | D:1      | Reached skill level 5 in Ice Magic
  1027 | D:1      | Found a faded altar of an unknown god.
  1161 | D:2      | Reached XP level 3. HP: 19/19 MP: 6/9
  1513 | D:2      | Noticed Sigmund
  1524 | D:2      | Learned a level 3 spell: Frozen Ramparts
  1528 | D:2      | Learned a level 3 spell: Ozocubu's Armour
  2625 | D:3      | Found an ancient bone altar of Kikubaaqudgha.
  2637 | D:3      | Reached XP level 4. HP: 16/24 MP: 5/10
  2778 | D:3      | Noticed an ogre
  2917 | D:3      | Killed an ogre
  2918 | D:3      | Reached skill level 6 in Ice Magic
  2918 | D:3      | Reached XP level 5. HP: 24/28 MP: 0/11
  3396 | D:3      | Found a blossoming altar of Fedhas.
  3755 | D:4      | Noticed Eustachio
  3763 | D:4      | Killed Eustachio
  3764 | D:4      | Reached skill level 7 in Ice Magic
  3764 | D:4      | Reached XP level 6. HP: 28/32 MP: 8/12
  3822 | D:4      | Reached skill level 5 in Dodging
  3976 | D:4      | Noticed Edmund
  4245 | D:4      | Killed Edmund
  4246 | D:4      | Reached XP level 7. HP: 35/36 MP: 4/14
  4825 | D:5      | Entered Level 5 of the Dungeon
  4865 | D:5      | Reached skill level 8 in Ice Magic
  4994 | D:5      | Found a radiant altar of Vehumet.
  4994 | D:5      | Found a sacrificial altar of Ru.
  4995 | D:5      | Found an ornate altar of the Wu Jian Council.
  5001 | D:5      | Became a worshipper of Vehumet
  5058 | D:5      | Found a shimmering altar of Xom.
  5177 | D:5      | Reached XP level 8. HP: 33/41 MP: 13/16
  5179 | D:5      | Reached skill level 9 in Ice Magic
  5736 | D:6      | Found a staircase to the Ecumenical Temple.
  5737 | D:6      | Slain by a wight

Illustrated notes

Levels and vault maps discovered:
D:1:      psy_arrival_conway, layout_rooms,
          shapermc_ecumenical_altar_hornbeckon,
          wander_ebering_terrifying_dragon_lair
D:2:      layout_loops_ring, dk_vineyard_1, serial_park_tiny_1, uniq_sigmund
D:3:      layout_rooms, kiku_gazebo_garden_becter, fedhas_altar_fruit_tree,
          lightli_corner_chamber
D:4:      layout_loops_cross, uniq_eustachio, uniq_edmund
D:5:      layout_basic, overflow_temple_1_default,
          gammafunk_temple_overflow_claw
D:6:      layout_gridville, evilmike_ruin_ashenzari, marbit_many_paths,
          minmay_temple_entry_sparse_star

Skill      XL: |  1  2  3  4  5  6  7  8 |
---------------+-------------------------+-----
Stealth        | 3 4 |  4.0
Ice Magic      | 5 6 7 8 9 |  9.4
Dodging        | 3 4 5 7 8 |  8.0
Spellcasting   | 4 |  4.0

Action                   |  1- 3 |  4- 6 |  7- 9 || total
-------------------------+-------+-------+-------++-------
Melee: Short sword       |    14 |       |       ||    14
       Unarmed           |     1 |       |       ||     1
       Dagger            |       |    33 |       ||    33
       Rapier            |       |     8 |       ||     8
       Whip              |       |     3 |    23 ||    26
       Flail             |       |       |    17 ||    17
 Cast: Freeze            |    49 |    12 |       ||    61
       Frozen Ramparts   |     9 |    12 |    17 ||    38
       Ozocubu's Armour  |       |     3 |     5 ||     8
  Use: Scroll            |     4 |     3 |     7 ||    14
 Stab: Sleeping          |     1 |     2 |     2 ||     5
Armor: Robe              |     9 |    16 |     8 ||    33
Dodge: Dodged            |    48 |    50 |    34 ||   132

Table legend: (Time is in decaauts)
 A = Elapsed time spent in this place.
 B = Non-inter-level travel time spent in this place.
 C = Inter-level travel time spent in this place.
 D = Time resting spent in this place.
 E = Time spent auto-exploring this place.
 F = Levels seen in this place.
 G = Mean time per level.
                   A        B        C        D        E       F      G
               +--------+--------+--------+--------+--------+-----+--------+
         Total |   5756 |   5492 |    264 |    225 |   4429 |   6 |  959.3 |
       Dungeon |   5756 |   5492 |    264 |    225 |   4429 |   6 |  959.3 |
               +--------+--------+--------+--------+--------+-----+--------+

Top non-repeatable levels by time:
     D:2: 1380 daAuts
     D:4: 1224 daAuts
     D:1: 1188 daAuts
     D:3: 1045 daAuts
     D:5: 862 daAuts
     D:6: 54 daAuts
